 Dungeon Crawl Stone Soup version 0.31-a0-876-gfe8ebadbca (webtiles) character file.

Game seed: 17157849814266948381

269 Xavori the Cutter (level 6, -1/43 HPs)
             Began as an Octopode Chaos Knight on Oct 13, 2023.
             Was a Plaything of Xom.
             Slain by a goblin
             ... wielding a +0 dagger
             ... led by Robin
              (6 damage)
             ... on level 3 of the Dungeon.
             The game lasted 00:02:24 (11417 turns).

Xavori the Cutter (Octopode Chaos Knight)          Turns: 11417, Time: 00:02:25

Health: -1/43      AC:  1    Str: 11    XL:     6   Next: 22%
Magic:  15/15      EV: 14    Int: 20    God:    Xom [..*...]
Gold:   214        SH:  0    Dex: 14    Spells: 5/5 levels left

rFire   . . .        f - +0 short sword (freeze)
rCold   . . .        (no shield)
rNeg    . . .        (helmet restricted)
rPois   .            (no amulet)
rElec   .            m - +6 ring of intelligence
rCorr   .            n - ring of magical power
SInv    .            (no ring)
Will    .....        (no ring)
Stlth   ++++         (no ring)
HPRegen 0.27/turn    (no ring)
MPRegen 0.14/turn    (no ring)
                     (no ring)

%: clarity
@: attractive
A: almost no armour, amphibious, 8 rings, camouflage 1, gelatinous body 1,
(nimble swimmer 1), tentacles, clarity, sense surroundings 1
a: Renounce Religion


You were on level 3 of the Dungeon.
You worshipped Xom.
You were a toy of Xom.
You visited 1 branch of the dungeon, and saw 3 of its levels.

You collected 214 gold pieces.

Inventory:

Hand Weapons
 a - a +0 short sword of chaos
 f - a +0 short sword of freezing (weapon)
Jewellery
 m - a +6 ring of intelligence (left tentacle)
 n - a ring of magical power (right tentacle)
Wands
 o - a wand of iceblast (5)
 p - a wand of mindburst (35)
Scrolls
 b - a scroll of butterflies
 c - 6 scrolls of identify {unknown}
 d - 2 scrolls of brand weapon {unknown}
 g - a scroll of noise {unknown}
 l - 2 scrolls of blinking {unknown}
 r - 2 scrolls of torment {unknown}
 s - 2 scrolls of teleportation {unknown}
Potions
 e - a potion of degeneration {unknown}
 h - a potion of curing {unknown}
 i - a potion of haste {unknown}
 j - a potion of mutation {unknown}
 k - a potion of might {unknown}
 q - 2 potions of lignification {unknown}
 t - a potion of enlightenment {unknown}


   Skills:
 + Level 3.9 Fighting
 + Level 4.4 Short Blades
 + Level 3.1 Dodging
 + Level 4.3 Stealth
 * Level 1.7 Evocations


You had 5 spell levels left.
You didn't know any spells.
Your spell library was empty.

Dungeon Overview and Level Annotations

Branches:
Dungeon (3/15)

Altars:

Annotations:
D:3 Robin


Innate Abilities, Weirdness & Mutations

You cannot wear most types of armour.
You are amphibious.
You can wear up to eight rings at the same time.
Your skin changes colour to match your surroundings (Stealth+).
Your rubbery body absorbs attacks. (AC +1, EV +1)
((You are camouflaged when in or above water. (Stealth+)))
You have tentacles for arms and can constrict up to eight enemies at once.
You possess an exceptional clarity of mind.
You passively map a small area around you.


Message History

You kill the goblin!
Xom almost notices you.
A monocle briefly appears over your left eye.
Robin throws the goblin at you! The goblin hits you with a +0 club.
You hit the goblin. You freeze the goblin.
You kill the goblin!
The goblin misses you. The goblin hits you with a +0 club. x2
You hit the goblin. You freeze the goblin.
You kill the goblin! "Go forth and cause havoc, mortal!"
You feel attractive to monsters. Robin is attracted toward you.
The hobgoblin is attracted toward you.
You hit Robin. You freeze Robin. You grab Robin.
Robin is moderately wounded.
You constrict Robin, but do no damage. Robin throws the goblin at you!
The goblin hits you but does no damage. The goblin hits you with a +0 club.
You are too injured to fight recklessly!
You barely miss the goblin. You grab the goblin. You squeeze the goblin.
The goblin is moderately wounded.
You constrict Robin. You constrict the goblin. The goblin barely misses you.
The goblin hits you with a +0 dagger. Robin hits you with a +0 dagger.
The goblin completely misses you.
You hit Robin. You freeze Robin. You squeeze Robin, but do no damage.
Robin is almost dead.
You constrict Robin, but do no damage. You constrict the goblin.
You kill the goblin!
Robin roars a battlecry!
The goblins go into a battle-frenzy!
The goblin hits you with a +0 dagger. The goblin hits you with a +0 club.
* * * LOW HITPOINT WARNING * * *
You release your grip on Robin.
Robin throws the goblin at you!
* * * LOW HITPOINT WARNING * * *
The goblin attacks as it pursues you! The goblin hits you with a +0 dagger.
* * * LOW HITPOINT WARNING * * *
The goblin completely misses you. Robin is attracted toward you.
The hobgoblin is attracted toward you.
Items here: )))) ††.
Robin throws the goblin at you! The goblin barely misses you.
The goblin hits you with a +0 dagger.
You die...

* #..#.# *
######..#.# # *
#.........#g### *
* ,
#..........g..g
**,
,##..........ggg.
* * *, ,,##.#*
#§.#* * * * ,
#..# #§.# * *,
##..#####gg#
##.....g@)..# , *
#>...####g..# * ,
##....# #......#
* #..#..#
##.###.# # ,
#.....# #.#* ,#
##* ##.##.# #.. ,
, .## , #....#
#... , ..# #.####
#.## *
..#######.### .#


You could see Robin, a hobgoblin (strong) and 2 goblins.

Vanquished Creatures
  2 orc wizards (D:3)
  7 adders
  5 gnolls
  A worm (D:2)
  7 dart slugs
  10 orcs (D:3)
  A bat (D:3)
  3 endoplasms
  A giant cockroach (D:1)
  17 goblins
  11 hobgoblins
  4 jackals (D:2)
  2 quokkas (D:1)
  4 ball pythons
  2 frilled lizards
  3 kobolds
  2 rats (D:1)
82 creatures vanquished.

Notes
Turn   | Place    | Note
-------+----------+-------------------------------------------
     0 | D:1      | Xavori the Octopode Chaos Knight began the quest for the
                  | Orb.
     0 | D:1      | Reached XP level 1. HP: 16/16 MP: 1/1
    79 | D:1      | Reached XP level 2. HP: 10/21 MP: 2/2
    86 | D:1      | XOM: divination: detect creatures
   132 | D:1      | Found a faded altar of an unknown god.
   217 | D:1      | XOM: divination: magic mapping
   275 | D:1      | Reached XP level 3. HP: 25/26 MP: 3/3
   822 | D:1      | XOM: silly message
  1066 | D:1      | XOM: silly message
  1213 | D:1      | XOM: silly message
  1239 | D:1      | XOM: silly message
  1354 | D:1      | XOM: silly message
  1936 | D:1      | XOM: silly message
  2181 | D:1      | XOM is BORED!
  2181 | D:1      | XOM: noise
  2713 | D:1      | XOM: torment (14/26 hp)
  3146 | D:1      | XOM is BORED!
  3146 | D:1      | XOM: give mutation
  3146 | D:1      | Gained mutation: You expend magic power (3 MP) to
                  | strengthen your wands. [Xom's mischief]
  4469 | D:1      | XOM: give mutations
  4469 | D:1      | Gained mutation: You possess an exceptional clarity of
                  | mind. [Xom's mischief]
  4469 | D:1      | Lost mutation: You expend magic power (3 MP) to strengthen
                  | your wands. [Xom's mischief]
  4527 | D:1      | XOM: give mutations
  4527 | D:1      | Gained mutation: You are dopey. (Int -2) [Xom's mischief]
  4527 | D:1      | Lost mutation: You are dopey. (Int -2) [Xom's mischief]
  5077 | D:1      | XOM: draining
  5474 | D:1      | XOM: divination: detect items
  6118 | D:1      | XOM: noise
  6310 | D:1      | XOM: noise
  6664 | D:1      | XOM: divination: magic mapping
  7478 | D:1      | XOM: silly message
  7619 | D:1      | XOM: silly message
  7946 | D:1      | XOM: cloud trail
  8442 | D:1      | XOM: noise
  8560 | D:1      | XOM is BORED!
  9732 | D:1      | XOM: silly message
  9870 | D:2      | Reached skill level 1 in Stealth
  9898 | D:2      | Reached XP level 4. HP: 25/31 MP: 4/4
 10117 | D:2      | XOM: god gift: wand of iceblast (5)
 10207 | D:2      | XOM: 1-stop teleportation journey
 10442 | D:2      | XOM: potion effect (heal wounds)
 10444 | D:2      | XOM: smoke on damage
 10445 | D:2      | Reached XP level 5. HP: 25/37 MP: 5/5
 10710 | D:3      | Reached skill level 1 in Evocations
 10749 | D:2      | XOM: give mutation
 10749 | D:2      | Gained mutation: You passively map a small area around you.
                  | [Xom's grace]
 10888 | D:3      | Reached XP level 6. HP: 20/43 MP: 6/6
 10895 | D:3      | XOM: polymorph orc -> endoplasm
 11400 | D:3      | Noticed Robin
 11410 | D:3      | XOM: silly message
 11412 | D:3      | XOM: potion effect (attraction)
 11417 | D:3      | Slain by a goblin

Illustrated notes

Levels and vault maps discovered:
D:1:      lightli_arrival_isolated_outpost, layout_basic,
          ebering_ecumenical_altar_webs, nicolae_grassy_gnolls
D:2:      cheibrodos_greedy_goblins, layout_rooms, eino_tiny_chamber
D:3:      layout_basic, trog_three_pillars_becter, goddamned_bats, uniq_robin

Skill      XL: |  1  2  3  4  5 |
---------------+----------------+-----
Stealth        | 1 3 4 |  4.3
Short Blades   | 4 |  4.4
Evocations     | 1 |  1.7
Dodging        | 3 |  3.1
Fighting       | |  3.9

Action                     |  1- 3 |  4- 6 || total
---------------------------+-------+-------++-------
  Melee: Short sword       |    48 |   135 ||   183
         Constrict         |     8 |    34 ||    42
         Tentacles         |     5 |    31 ||    36
         Punch             |       |     1 ||     1
    Use: Potion            |       |     1 ||     1
   Stab: Sleeping          |     5 |     5 ||    10
 Armour: Skin              |    13 |    73 ||    86
  Dodge: Dodged            |    23 |    55 ||    78

Table legend: (Time is in decaauts)
 A = Elapsed time spent in this place.
 B = Non-inter-level travel time spent in this place.
 C = Inter-level travel time spent in this place.
 D = Time resting spent in this place.
 E = Time spent auto-exploring this place.
 F = Levels seen in this place.
 G = Mean time per level.
                   A        B        C        D        E       F      G
               +--------+--------+--------+--------+--------+-----+--------+
         Total |  11391 |  11342 |     49 |   9338 |   1603 |   3 | 3797.0 |
       Dungeon |  11391 |  11342 |     49 |   9338 |   1603 |   3 | 3797.0 |
               +--------+--------+--------+--------+--------+-----+--------+

Top non-repeatable levels by time:
     D:1: 9826 daAuts
     D:2: 1018 daAuts
     D:3: 546 daAuts
